Map: Odyssey LE

Players

SamuraiFunn

  • Race: Protoss Protoss
  • League: Platinum
  • Spawn Location: 11:00

A.I. 1 (Elite) - Winner!

  • Race: Zerg Zerg
  • Spawn Location: 5:00

VOD

Have the link to the VOD?

Description

Time

  • Played on: Nov. 27, 2017, 9:46 p.m.
  • Length: 14:34
Show
View Real Time Build Order
Export as new Build Order

SamuraiFunn Protoss 

Build Orders:  

Get SALT Encoding   

  12  0:01  Probe  
  13  0:13  Probe  
  14  0:21  Pylon  
  14  0:25  Probe  
  15  0:39  Probe  
  16  0:45  Gateway  
  16  0:51  Probe  
  17  1:03  Assimilator  
  17  1:04  Probe  
  18  1:06  Pylon  
  18  1:16  Probe  
  19  1:28  Probe  
  20  1:39  Assimilator  
  20  1:40  Probe  
  20  1:41  Zealot (Chrono Boost)  
  20  1:42  Cybernetics Core  
  23  1:59  Probe  
  24  2:11  Probe  
  24  2:15  Nexus  
  25  2:24  Gateway  
  25  2:26  Probe  
  26  2:35  Pylon  
  26  2:38  Probe  
  29  3:03  Adept  
  29  3:13  Stalker  
  31  3:20  Probe, Twilight Council  
  32  3:29  Warp Gate (Chrono Boost)  
  32  3:32  Probe x2  
  34  3:37  Gateway  
  34  3:54  Probe x2  
  34  3:55  Pylon  
  36  4:06  Probe x2  
  36  4:08  Assimilator  
  38  4:14  Robotics Facility  
  38  4:16  Robotics Facility  
  38  4:18  Gateway, Probe x2  
  40  4:46  Probe x2  
  40  4:48  Nexus  
  40  4:51  Pylon  
  42  5:00  Probe x2  
  44  5:10  Stalker x3  
  44  5:12  Probe x2  
  52  5:16  Blink (Chrono Boost)  
  52  5:18  Assimilator  
  52  5:24  Probe x2  
  52  5:26  Observer x2  
  56  5:36  Probe x2  
  58  5:43  Pylon  
  58  5:48  Probe x2, Pylon  
  60  5:53  Robotics Bay  
  60  6:00  Probe  
  60  6:01  Probe  
  62  6:12  Probe  
  62  6:13  Probe x2  
  62  6:16  Stalker  
  62  6:17  Stalker x2  
  71  6:26  Probe x3  
  74  6:39  Probe x3  
  77  6:51  Probe x3  
  77  6:52  Stalker x3  
  77  6:53  Stalker  
  88  7:00  Assimilator  
  88  7:02  Assimilator  
  88  7:04  Probe x3  
  91  7:16  Stalker x3  
  91  7:17  Stalker  
  99  7:35  Pylon  
  99  7:37  Pylon, Disruptor  
  99  7:44  Pylon  
  101  7:47  Pylon  
  101  7:52  Disruptor  
  101  7:53  Probe x3, Pylon  
  106  7:59  Stalker x3  
  106  8:01  Stalker  
  113  8:36  Pylon  
  113  8:37  Stalker x3  
  113  8:38  Stalker  
  121  8:43  Disruptor  
  121  8:44  Disruptor  
  127  8:55  Robotics Facility  
  127  8:59  Gateway  
  127  9:00  Gateway  
  127  9:02  Gateway  
  127  9:05  Pylon  
  127  9:07  Pylon  
  127  9:09  Probe x2  
  129  9:13  Forge x2  
  129  9:15  Forge, Stalker x4  
  137  9:30  Disruptor x2  
  143  9:53  Stalker  
  143  9:54  Stalker x3  
  143  9:58  Protoss Ground Armor Level 1 (Chrono Boost), Protoss Ground Weapons Level 1 (Chrono Boost)  
  143  9:59  Protoss Shields Level 1 (Chrono Boost)  
  114  11:07  Stalker x4  
  114  11:08  Stalker x3  
  125  11:11  Disruptor x2  
  131  11:18  Disruptor  
  134  11:32  Robotics Facility x2  
  134  11:36  Robotics Facility  
  134  11:37  Stalker x4  
  134  11:38  Stalker  
  144  11:59  Stalker  
  144  12:00  Stalker x2  
  144  12:01  Stalker x3  
  156  12:12  Protoss Ground Weapons Level 2 (Chrono Boost)  
  156  12:13  Protoss Shields Level 2 (Chrono Boost)  
  156  12:40  Nexus  
  156  12:43  Pylon  
  156  12:45  Pylon  
  156  12:47  Pylon  
  156  12:49  Pylon  
  156  12:52  Assimilator  
  156  12:56  Assimilator  
  156  13:01  Disruptor, Warp Prism x2  
  139  13:13  Stalker x3  
  139  13:14  Stalker x4  
Show
View Real Time Build Order
Export as new Build Order

A.I. 1 (Elite) Zerg - Winner!

Build Orders: Hatch First 

Get SALT Encoding   

  12  0:00  Drone  
  13  0:12  Overlord  
  13  0:17  Drone  
  14  0:30  Drone x2  
  14  0:34  Drone  
  17  0:55  Drone, Hatchery  
  17  1:10  Spawning Pool  
  16  1:12  Extractor  
  16  1:14  Drone  
  16  1:19  Drone  
  16  1:22  Drone  
  18  1:27  Drone  
  19  1:38  Overlord  
  19  1:49  Drone  
  20  1:57  Queen  
  20  1:59  Zergling x2  
  23  2:07  Drone  
  24  2:12  Queen  
  26  2:18  Drone  
  27  2:32  Roach Warren  
  27  2:33  Extractor  
  27  2:34  Drone  
  26  2:37  Drone  
  26  2:43  Overlord  
  27  2:47  Drone  
  27  2:51  Drone  
  29  2:53  Drone  
  29  2:57  Drone  
  31  2:59  Drone  
  31  3:04  Zergling x2  
  33  3:08  Zergling x2  
  33  3:11  Roach  
  36  3:15  Roach  
  40  3:20  Roach  
  40  3:24  Roach  
  40  3:26  Drone  
  43  3:29  Drone  
  44  3:34  Overlord  
  44  3:41  Lair  
  44  3:46  Metabolic Boost  
  44  3:53  Drone x2  
  47  3:55  Drone  
  47  3:58  Drone  
  47  4:00  Drone  
  47  4:02  Drone  
  50  4:04  Drone  
  50  4:09  Overlord  
  51  4:11  Drone  
  51  4:16  Drone, Evolution Chamber  
  52  4:20  Drone, Evolution Chamber  
  52  4:27  Drone x2  
  52  4:31  Drone  
  55  4:32  Drone  
  55  4:34  Drone  
  55  4:36  Drone  
  58  4:41  Infestation Pit  
  58  4:42  Drone  
  58  4:43  Zerg Missile Weapons Level 1  
  58  4:47  Zerg Ground Armor Level 1  
  58  4:50  Overlord  
  58  4:53  Overlord  
  58  4:55  Drone  
  58  4:57  Zergling x2  
  60  5:08  Drone, Roach  
  60  5:09  Extractor  
  60  5:10  Roach  
  60  5:11  Drone  
  60  5:12  Hydralisk Den  
  60  5:13  Drone  
  65  5:14  Drone  
  65  5:18  Overlord  
  65  5:20  Drone  
  67  5:29  Extractor  
  67  5:30  Drone, Infestor  
  67  5:32  Drone x3  
  67  5:35  Roach  
  74  5:36  Overlord  
  74  5:42  Roach  
  76  5:43  Hydralisk, Roach  
  76  5:47  Hydralisk  
  82  5:51  Drone  
  82  5:53  Drone  
  84  5:57  Overlord  
  84  5:58  Roach  
  86  6:05  Infestor  
  87  6:12  Ravager  
  87  6:14  Drone, Hatchery  
  87  6:15  Roach  
  87  6:16  Overlord  
  90  6:21  Ravager  
  90  6:23  Zergling x6  
  90  6:24  Roach  
  90  6:25  Evolution Chamber  
  95  6:37  Hydralisk, Zerg Melee Weapons Level 1, Overlord  
  97  6:41  Hydralisk  
  99  6:56  Infestor  
  101  7:12  Drone, Spine Crawler  
  101  7:14  Infestor, Overlord  
  103  7:16  Spine Crawler  
  103  7:17  Drone, Roach  
  103  7:19  Roach  
  103  7:21  Roach  
  109  7:26  Drone x3  
  109  7:27  Drone x3  
  109  7:28  Overseer, Drone x2  
  117  7:32  Drone  
  117  7:33  Drone, Overlord  
  117  7:35  Zerg Missile Weapons Level 2  
  117  7:36  Drone  
  120  7:38  Drone x2  
  120  7:39  Extractor  
  120  7:43  Extractor  
  120  7:47  Drone  
  120  7:49  Drone x4  
  120  7:50  Drone  
  126  7:56  Zerg Ground Armor Level 2  
  126  7:57  Overlord  
  126  8:00  Drone  
  126  8:01  Drone  
  126  8:05  Drone x3  
  131  8:06  Spore Crawler  
  131  8:08  Drone  
  131  8:11  Drone x2  
  133  8:15  Spore Crawler  
  133  8:19  Queen, Overlord  
  132  8:22  Drone  
  135  8:31  Spine Crawler, Pathogen Glands  
  134  8:49  Hydralisk  
  134  8:50  Overlord  
  134  8:52  Hatchery x2  
  134  8:53  Hydralisk, Drone  
  137  9:05  Ravager  
  137  9:06  Roach  
  140  9:10  Queen, Spine Crawler, Ravager  
  140  9:11  Roach, Overlord  
  140  9:12  Spine Crawler  
  140  9:13  Drone, Roach  
  140  9:15  Roach  
  148  9:17  Spore Crawler  
  148  9:18  Drone  
  148  9:30  Zergling x2  
  148  9:31  Zergling x2, Overlord, Zerg Melee Weapons Level 2  
  150  9:32  Overseer  
  150  9:36  Spine Crawler  
  149  9:39  Zergling x2, Spine Crawler  
  149  9:40  Zergling x2  
  149  9:41  Spine Crawler  
  149  9:42  Overseer  
  149  10:01  Spine Crawler  
  149  10:04  Spore Crawler  
  149  10:05  Queen, Drone  
  149  10:06  Drone x3  
  149  10:07  Drone x4, Spine Crawler  
  154  10:08  Drone  
  154  10:09  Zergling x2  
  154  10:12  Drone, Extractor  
  157  10:16  Zergling x2, Hatchery, Roach x2, Pneumatized Carapace  
  157  10:17  Zergling x4, Drone, Roach  
  157  10:18  Zergling x4  
  157  10:19  Roach  
  157  10:20  Roach  
  132  10:21  Roach  
  132  10:23  Roach  
  132  10:28  Zergling x2  
  129  10:30  Roach  
  129  10:32  Zergling x2, Roach  
  129  10:34  Roach  
  121  10:36  Infestor  
  121  10:38  Zergling x2  
  121  10:39  Zergling x2  
  121  10:41  Roach  
  121  10:42  Roach, Hive  
  127  10:44  Roach  
  127  10:46  Roach  
  127  10:47  Hydralisk  
  127  10:49  Hydralisk  
  131  10:51  Roach  
  131  10:53  Roach  
  131  10:55  Roach  
  131  10:56  Roach  
  138  10:58  Zergling x2  
  138  10:59  Zergling x2  
  138  11:00  Roach  
  138  11:01  Zergling x2  
  138  11:03  Roach  
  143  11:04  Hydralisk  
  143  11:07  Hydralisk  
  143  11:09  Infestor  
  149  11:11  Infestor  
  149  11:12  Ravager  
  149  11:14  Roach, Ravager  
  149  11:15  Roach  
  157  11:38  Extractor  
  157  11:39  Drone  
  157  11:41  Drone, Extractor  
  157  11:43  Spore Crawler  
  157  11:44  Drone  
  157  11:45  Queen  
  157  11:46  Spore Crawler  
  158  11:47  Drone  
  158  11:48  Spore Crawler  
  158  11:49  Drone  
  158  11:53  Hydralisk  
  161  11:54  Zerg Ground Armor Level 3  
  161  11:55  Zerg Melee Weapons Level 3  
  161  11:56  Hydralisk, Zerg Missile Weapons Level 3, Ultralisk Cavern, Drone  
  163  12:01  Spine Crawler  
  163  12:02  Drone  
  163  12:06  Roach, Ravager  
  166  12:10  Ravager  
  166  12:11  Roach, Overlord  
  169  12:16  Drone, Spine Crawler  
  169  12:17  Spine Crawler  
  169  12:19  Drone  
  169  12:23  Infestor  
  171  12:30  Infestor  
  171  12:33  Drone, Spine Crawler  
  173  12:38  Viper  
  173  12:41  Extractor  
  173  12:42  Drone, Ultralisk  
  173  12:43  Ultralisk x2  
  194  13:01  Ultralisk  
  194  13:04  Spore Crawler  
  194  13:05  Zergling x2, Drone  
  196  13:08  Ultralisk  
  196  13:12  Drone x2, Spore Crawler  
  199  13:14  Drone  
  199  13:17  Drone x2  
  199  13:18  Drone  
  199  13:19  Drone  
  199  13:21  Drone  
  199  13:22  Drone  
  199  13:24  Drone  
  199  13:28  Overlord  
  199  13:30  Drone  
  199  13:31  Drone  
  199  13:33  Drone x2  
  197  13:34  Drone  
  197  13:35  Drone  
  197  13:38  Drone  
  197  13:39  Drone  
  197  13:40  Drone  
  197  13:41  Drone  
  196  13:43  Drone  
  196  13:44  Drone  
  196  13:47  Ultralisk  
  196  13:48  Overlord  
  198  13:49  Overseer  
  184  14:23  Spine Crawler  
  183  14:26  Spine Crawler  
  186  14:31  Hatchery  
Tags
 
League
Platinum
Matchup
PvZ
Replay Pack
First 100 games
Spawn Locations
Cross Positions
Add a new tag
Caveats
  • Supply blocks, unpowered buildings, or Contaminate may cause inaccurate times.
  • Supply counts are checked every 10 seconds.